 Dungeon Crawl Stone Soup version 0.17-a0-1945-gfe993df (webtiles) character file.

2214 braksdos the Summoner (level 9, -2/62 HPs)
             Began as a Merfolk Ice Elementalist on Sept 29, 2015.
             Was a Follower of the Shining One.
             Slain by a gnoll sergeant
             ... wielding a +1 trident of distortion
              (4 damage)
             ... on level 7 of the Dungeon on Sept 30, 2015.
             The game lasted 00:41:28 (10240 turns).

braksdos the Summoner (Merfolk Ice Elementalist)   Turns: 10240, Time: 00:41:28

Health: -2/62      AC:  4    Str:  9    XL:     9   Next: 35%
Magic:  1/12       EV: 13    Int: 14    God:    the Shining One [*.....]
Gold:   243        SH:  0    Dex: 15    Spells: 3 memorised, 4 levels left

rFire  + + .     SeeInvis .     t - +0 trident
rCold  + . .     Clarity  .     l - +2 robe {rC+ rF+}
rNeg   . . .     SustAt   .     (no shield)
rPois  .         Gourm    .     m - +0 helmet
rElec  .         Spirit   .     (no cloak)
rCorr  .         Warding  .     (no gloves)
rMut   .         Stasis   .     (no boots)
MR     .....                    (no amulet)
Stlth  +.........               (no ring)
                                (no ring)

@: about to teleport, very slightly contaminated, glowing, not resistant to
hostile enchantments, very unstealthy
A: change form in water, swift swim, deformed body, dopey 1, fire resistance 1
a: Renounce Religion


You were on level 7 of the Dungeon.
You worshipped the Shining One.
The Shining One was aware of your devotion.
You were not hungry.

You visited 2 branches of the dungeon, and saw 10 of its levels.

You collected 243 gold pieces.

Inventory:

Hand weapons
 t - a +0 trident (weapon)
Missiles
 a - 6 tomahawks (quivered)
 d - 62 arrows
 j - 16 sling bullets of frost
 w - 3 poisoned tomahawks
 x - 5 tomahawks of returning
Armour
 g - a +0 leather armour
 l - a +2 robe of resistance (worn)
 m - a +0 helmet (worn)
Jewellery
 p - an uncursed ring of protection from fire {unknown}
Scrolls
 e - 2 scrolls of immolation
 f - a scroll of amnesia {unknown}
 h - a scroll of enchant weapon {unknown}
 i - 6 scrolls of teleportation
 q - 3 scrolls of identify
 u - a scroll of random uselessness {unknown}
 y - 3 scrolls of remove curse
Potions
 n - 3 potions of curing
 s - a potion of resistance
 B - 2 potions of flight {unknown}
Books
 b - a book of Frost

   Spells                             Type                      Level
   a - Freeze                         Ice                          1
   b - Throw Frost                    Conjuration/Ice              2
   c - Ozocubu's Armour               Charms/Ice                   3
   d - Throw Icicle                   Conjuration/Ice              4
   e - Summon Ice Beast               Ice/Summoning                4
   f - Condensation Shield            Ice                          4
 r - a book of Debilitation

   Spells                             Type                      Level
   a - Corona                         Hexes                        1
   b - Slow                           Hexes                        2
   c - Gell's Gravitas                Hexes/Translocation          3
   d - Inner Flame                    Hexes/Fire                   3
   e - Cause Fear                     Hexes                        4
   f - Leda's Liquefaction            Hexes/Earth                  4
 z - a book of Cantrips

   Spells                             Type                      Level
   a - Corona                         Hexes                        1
   b - Animate Skeleton               Necromancy                   1
   c - Summon Small Mammal            Summoning                    1
   d - Apportation                    Translocation                1
Comestibles
 c - 4 bread rations
 k - a royal jelly
 o - a slice of pizza
 v - a meat ration
 A - 3 chunks of flesh


   Skills:
 - Level 2.5 Fighting
 - Level 5.0 Polearms
 - Level 2.6 Dodging
 - Level 2.1 Stealth
 - Level 2.0 Spellcasting
   Level 0.7 Conjurations
 + Level 10.6 Summonings
 - Level 5.0 Ice Magic


You had 4 spell levels left.
You knew the following spells:

 Your Spells              Type           Power        Failure   Level  Hunger
a - Freeze                Ice            ###.         2%          1    ##.....
b - Ozocubu's Armour      Chrm/Ice       #.......     24%         3    ####...
c - Summon Ice Beast      Ice/Summ       ###.....     12%         4    #####..


Dungeon Overview and Level Annotations

Branches:
Dungeon (9/15)             Temple (1/1) D:5            Lair (0/8) D:8
    Orc: D:9-12

Altars:
Ashenzari
Cheibriados
Dithmenos
Elyvilon
Fedhas
Gozag
Kikubaaqudgha
Makhleb
Nemelex Xobeh
Okawaru
Qazlal
Ru
Sif Muna
Trog
Vehumet
Xom
Yredelemnul
Zin
The Shining One

Annotations:
D:5 exclusion: downstairs


Innate Abilities, Weirdness & Mutations

You revert to your normal form in water.
You are very nimble and swift while swimming.
Armour fits poorly on your strangely shaped body.
You are dopey. (Int -2)
Your flesh is heat resistant.


Message History

Attack whom?
Press: ? - help, Dir - move target cursor, f - gnoll sergeant
Aim: a gnoll sergeant, wielding a trident of distortion and wearing a ring mail (haloed)
You reach to attack!
You barely miss the gnoll sergeant.
Your ice beast hits the gnoll sergeant but does no damage.
The gnoll sergeant hits you from afar with a trident of distortion!
Space warps horribly around you!
* * * LOW HITPOINT WARNING * * *
The ooze misses you.
Your ice beast barely misses the gnoll sergeant.
Your ice beast hits the gnoll sergeant but does no damage.
Read which item? (? for menu, Esc to quit)
As you read the scroll of teleportation, it crumbles to dust.
You feel strangely unstable.
The gnoll hits you from afar with a spear.
* * * LOW HITPOINT WARNING * * *
The gnoll sergeant hits you from afar with a trident of distortion!
* * * LOW HITPOINT WARNING * * *
Space bends around you.
You die...

......# ......+ ......#
).....####+#######
.........>.......#
.................#
.................#######
...<..........gY.J......
..............gY@#
######...........#
#...........#
#...........#
#...........#
#############


You could see a gnoll sergeant, a gnoll, an ooze and 2 friendly ice beasts.

Vanquished Creatures
  2 ice beasts
  3 ogres
  A sky beast (D:8)
  A phantom (D:6)
  2 centaurs (D:5)
  2 scorpions
  A centaur zombie (D:6)
  6 orc wizards
  5 orc priests
  A centaur skeleton (D:4)
  2 iguanas
  2 worker ants
  A hound zombie (D:6)
  A hound skeleton (D:5)
  6 gnolls
  6 adders
  4 shadow imps
  4 oozes
  An adder zombie (D:7)
  2 worms (D:2)
  7 giant geckos
  24 orcs
  2 ball pythons
  13 bats
  3 giant cockroaches
  8 hobgoblins
  11 kobolds
  4 quokkas
  3 giant newts
  2 gnoll zombies (D:2)
  8 goblins
  14 jackals
  2 quokka skeletons
  12 rats
166 creatures vanquished.

Vanquished Creatures (collateral kills)
  A deep elf mage (D:7)
  A hippogriff (D:7)
  3 ogres
  A necrophage (D:6)
  A giant frog (D:6)
  3 crimson imps
  4 orc wizards
  A gnoll shaman (D:6)
  A hound (D:7)
  A worker ant (D:5)
  8 gnolls
  An ooze (D:6)
  4 orcs
  2 giant geckos
  A jackal skeleton (D:7)
33 creatures vanquished.

Grand Total: 199 creatures vanquished

Notes
Turn   | Place    | Note
--------------------------------------------------------------
     0 | D:1      | braksdos the Merfolk Ice Elementalist began the quest for the Orb.
     0 | D:1      | Reached XP level 1. HP: 13/13 MP: 3/3
   673 | D:1      | Reached skill level 1 in Fighting
   673 | D:1      | Reached XP level 2. HP: 18/21 MP: 3/5
   901 | D:1      | Reached skill level 4 in Ice Magic
  1243 | D:1      | Reached XP level 3. HP: 25/27 MP: 4/6
  2135 | D:2      | Found a burning altar of Makhleb.
  2138 | D:2      | Found an iron altar of Okawaru.
  2364 | D:2      | Found a basalt altar of Yredelemnul.
  2659 | D:2      | Found a shattered altar of Ashenzari.
  2721 | D:2      | Reached XP level 4. HP: 9/34 MP: 3/7
  2731 | D:2      | Learned a level 4 spell: Summon Ice Beast
  3243 | D:2      | Reached skill level 1 in Summonings
  3350 | D:2      | Reached skill level 1 in Polearms
  3485 | D:2      | Found a sacrificial altar of Ru.
  3619 | D:2      | Reached XP level 5. HP: 35/39 MP: 4/8
  3636 | D:2      | Reached skill level 5 in Ice Magic
  4117 | D:3      | Found an opulent altar of Gozag.
  4151 | D:3      | Found a faded altar to an unknown god.
  4569 | D:3      | Reached XP level 6. HP: 31/46 MP: 2/9
  5780 | D:4      | Reached skill level 5 in Polearms
  5988 | D:4      | Reached XP level 7. HP: 42/51 MP: 5/10
  6547 | D:5      | Entered Level 5 of the Dungeon
  6613 | D:5      | Reached skill level 5 in Summonings
  6873 | D:5      | Reached skill level 6 in Summonings
  6883 | D:5      | Reached XP level 8. HP: 29/57 MP: 2/11
  7107 | D:5      | Learned a level 3 spell: Ozocubu's Armour
  7236 | D:5      | Found a staircase to the Ecumenical Temple.
  7269 | Temple   | Entered the Ecumenical Temple
  7450 | Temple   | Became a worshipper of the Shining One
  7891 | D:5      | Reached skill level 7 in Summonings
  8389 | D:6      | Reached skill level 8 in Summonings
  8834 | D:6      | Acquired the Shining One's first power
  9259 | D:6      | Reached skill level 9 in Summonings
  9382 | D:6      | You fall through a shaft for 3 floors!
  9431 | D:8      | Found a staircase to the Lair.
  9431 | D:8      | Noticed a fire drake
  9438 | D:8      | Found a shimmering altar of Xom.
  9472 | D:8      | Reached XP level 9. HP: 29/62 MP: 2/12
  9639 | D:7      | Found a shimmering altar of Xom.
  9687 | D:7      | Reached skill level 10 in Summonings
  9688 | D:7      | Gained mutation: Armour fits poorly on your strangely shaped body. [potion of mutation]
  9688 | D:7      | Gained mutation: Your flesh is heat resistant. [potion of mutation]
  9688 | D:7      | Gained mutation: You are dopey. (Int -2) [potion of mutation]
 10057 | D:7      | Upgraded the game from 0.17-a0-1923-gc35365e to 0.17-a0-1945-gfe993df
 10240 | D:7      | HP: 2/62 [gnoll sergeant/trident of distortion (12)]
 10240 | D:7      | Slain by a gnoll sergeant

Vault maps used:
D:1:      lemuel_arrival_rhombus
D:2:      lemuel_zombie_altar_yredelemnul, nicolae_overflow_hidden_temple,
          grunt_decor_clamped, minmay_misc_feat_square,
          nicolae_ashenzari_panopticon
D:3:      grunt_gozag_statues, ecumenical_altar_1
D:4:      first_bread
D:5:      minmay_temple_entry_glassed_door, minmay_misc_feat_rugged,
          grunt_decor_mini_mirrors
D:7:      xom_butterflies
D:8:      minmay_lair_entry_lava, basic_altar, tgw_kikubaaqudgha
D:9:      overflow_temple_1_default, orc_0_dummy, the_bakery,
          basic_loot_grate_trap, hangedman_glass_teeth
Temple:   oiseaux_autumnal_temple_12

Action                   |  1- 3 |  4- 6 |  7- 9 || total
-------------------------+-------+-------+-------++-------
Melee: Unarmed           |    37 |       |       ||    37
       Club              |    38 |     5 |       ||    43
       Spear             |       |   238 |    76 ||   314
       Trident           |       |       |   256 ||   256
Throw: Stone             |     5 |     4 |       ||     9
       Tomahawk          |       |     1 |       ||     1
 Cast: Freeze            |    60 |    65 |    33 ||   158
       Summon Ice Beast  |       |       |    21 ||    21
       Ozocubu's Armour  |       |       |     5 ||     5
  Use: Scroll            |       |       |    13 ||    13
       Potion            |       |       |     5 ||     5
 Stab: Sleeping          |     1 |     2 |     3 ||     6
       Distracted        |       |     1 |       ||     1
  Eat: Chunk             |     5 |    11 |    16 ||    32
       Beef jerky        |     1 |     1 |       ||     2
       Meat ration       |       |       |     1 ||     1
